[Event "Charlotte IM-D May 2022"]
[Site "Charlotte"]
[Date "2022.05.06"]
[Round "3.3"]
[White "Kanli, Alperen"]
[Black "Marek, Matyas"]
[Result "1/2-1/2"]
[ECO "A57"]
[WhiteElo "2173"]
[BlackElo "2363"]
[Annotator "TA"]
[PlyCount "50"]
[EventDate "2022.05.04"]
[EventType "tourn"]
[EventCountry "USA"]
[SourceTitle "playchess.com"]
[Source "ChessBase"]
[SourceQuality "1"]
[TimeControl "5400+30"]

1. d4 Nf6 2. c4 c5 3. d5 b5 4. cxb5 a6 5. b6 d6 6. Nc3 Nbd7 7. e4 g6 8. a4 {[%emt 0:00:14][%cal Ba2a4,Ba4a5][%mdl 32] [#] Hoping for a5.} Qxb6 {[%emt 0:00:04] A57: Benko/Volga Gambit.} 9. a5 Qb4 10. Ra4 Qb7 {[%emt 0:00:05] White is slightly better.} 11. f4 Bg7 12. Bc4 O-O 13. Nf3 Ne8 14. O-O Nc7 15. Ra3 (15. Qd3 $14) 15... Rb8 (15... Nb5 $11 16. Rb3 Qc7) 16. Qd3 Nf6 17. Rb3 Qa8 18. Rxb8 Qxb8 19. e5 {[%emt 0:00:01] [#]} Nd7 $146 ({Predecessor:} 19... Nfe8 20. b3 Bg4 21. Ne4 Nb5 22. Bd2 Qa7 23. Kh1 Bxf3 24. Qxf3 dxe5 25. fxe5 Bxe5 {½-½ (37) Peetoom,F (2131)-Milde,L (2344) ICCF email 2020}) 20. e6 (20. Re1 $14) 20... fxe6 $11 21. dxe6 Nf6 22. f5 d5 $1 $36 {[%emt 0:00:50][%mdl 2048] Black is pushing.} 23. Ba2 (23. Nxd5 $11 Nfxd5 24. Bxd5) 23... c4 $15 24. Qe2 gxf5 {[%emt 0:01:42] aiming for ...Ne4.} 25. Nd4 {[%emt 0:02:08] [#]} (25. Bb1 $17 {keeps fighting.}) 25... Qa7 $1 {[%emt 0:17:37][%csl LRd4,LRe6] Weighted Error Value: White=0.25 (precise) /Black=0.07 (flawless)} 1/2-1/2

[Event "Charlotte IM-D May 2022"]
[Site "Charlotte"]
[Date "2022.05.06"]
[Round "3.4"]
[White "Zaloznyy, Mike"]
[Black "Woodward, Andy"]
[Result "1-0"]
[ECO "A06"]
[WhiteElo "2125"]
[BlackElo "2354"]
[Annotator "TA"]
[PlyCount "91"]
[EventDate "2022.05.04"]
[EventType "tourn"]
[EventCountry "USA"]
[SourceTitle "playchess.com"]
[Source "ChessBase"]
[SourceQuality "1"]
[TimeControl "5400+30"]

1. Nf3 d5 2. e3 c5 3. b3 a6 4. Bb2 Nc6 5. d4 cxd4 6. Nxd4 {[%emt 0:00:23] A06: Réti Opening: 1 Nf3 d5.} Nf6 7. Be2 Qc7 8. O-O {[%emt 0:05:16] White has an edge.} e5 9. Nxc6 bxc6 10. c4 Bd6 11. Nc3 Bb7 12. Rc1 Qe7 13. Na4 O-O 14. Qc2 Rfe8 {[%emt 0:07:00] [#]} 15. Rfe1 $146 ({Predecessor:} 15. Rfd1 Rad8 16. Bf3 e4 17. Be2 h6 18. Qb1 Nh7 19. cxd5 cxd5 20. Bd4 Qh4 21. h3 {1-0 (40) Le Quang,K (2286)-Lalau,A (2084) Belgium 2014}) 15... Rad8 16. Bc3 Rc8 17. Rcd1 Bc7 18. b4 Ne4 19. Ba1 Qh4 (19... Qxb4 20. Rb1 Qa5 21. Rec1 $18) 20. Bd3 Ng5 {[%emt 0:03:43] Threatens to win with ...e4.} 21. e4 $2 (21. Bf5 $1 $11) 21... Re6 $1 $17 22. Re3 {[%emt 0:05:06] Prevents Nf3+.} (22. Nc5 Rh6 23. Kf1 (23. Nxb7 Qxh2+ 24. Kf1 Rf6 $17) 23... Qxh2 $1 24. Nxb7 Rf6 $17) 22... Rh6 (22... dxe4 23. Bxe4 Rd6 24. Rde1 $16) 23. h3 d4 (23... dxe4 24. Bxe4 Rd6 25. Nc5 Rxd1+ 26. Qxd1 $16) (23... f5 $19 {And now ...f4 would win.} 24. Bf1 (24. exf5 $2 d4 $17) 24... d4) 24. Rg3 Rf8 (24... f5 $1 $17 {[%cal Rf5f4] aiming for ...f4.} 25. Nc5 f4 $1 26. Rxg5 Qxg5) 25. Bb2 $1 $11 f5 $36 {[%emt 0:01:39][%cal Bf7f5,Bf5f4,Bf4f3][%mdl 2080] White is under pressure.} 26. Nc5 $2 {[%emt 0:02:43][%mdl 8192] [#]} (26. exf5 $11 {and White has nothing to worry.} e4 27. Rxg5 exd3 28. Qc1) 26... f4 $1 $19 27. Rxg5 Qxg5 28. Nxb7 (28. Bf1 $142 Bc8 29. Rd3) 28... f3 29. Bf1 Rxh3 30. Bc1 Qg4 31. c5 Kh8 {[%emt 0:01:04][%cal Oh3g3] Hoping for ...Rg3!} (31... fxg2 32. Bxg2 Rc3 33. Qd2 $19) 32. Rd3 Rf6 {[%emt 0:03:37] Inhibits Nd6.} ({Stronger than} 32... fxg2 33. Bxg2 Rxd3 34. Qxd3 $11) 33. Nd6 Rg6 $4 (33... Bxd6 $19 {and life is good for Black.} 34. cxd6 Rxd6) 34. Nf7+ $18 ({Avoid the trap} 34. g3 $2 {[#]} Rxg3+ $1 35. fxg3 Qxg3+ 36. Qg2 fxg2 $19) 34... Kg8 {[%emt 0:00:06][%cal Rg4g2] [#] ( -> ...Qxg2+!)} 35. Ng5 $1 {[%emt 0:00:40][%mdl 512] Active counter play!} Rxg5 36. Qb3+ Kh8 (36... Kf8 $142 37. Bxg5 Qxg5) 37. Bxg5 Qxg5 38. Qe6 Rh1+ 39. Kxh1 fxg2+ 40. Bxg2 h5 41. Rf3 d3 42. Rf8+ Kh7 43. Qf5+ (43. Bh3 $142 Qh4 44. Qf5+ g6 45. Qd7+ Kh6 46. Rh8+ Kg5 47. Qe7+ Kf4 48. Qxh4+ Kf3 49. Bf1 Bd8 50. Rf8+ Bf6 51. Rxf6#) 43... Qxf5 {[%emt 0:00:06] White is clearly winning.} 44. Rxf5 {[%emt 0:00:03] Rf8 is the strong threat.} d2 45. Bf3 {[%emt 0:00:02] White threatens Rf8 and mate.} d1=Q+ 46. Bxd1 {[%emt 0:00:03] What a bad dream for Black.  Weighted Error Value: White=0.46/Black=0.52} 1-0

[Event "Charlotte IM-D May 2022"]
[Site "Charlotte"]
[Date "2022.05.06"]
[Round "3.5"]
[White "Matros, Alexander"]
[Black "Nakada, Akira"]
[Result "1/2-1/2"]
[ECO "E51"]
[WhiteElo "2339"]
[BlackElo "2324"]
[Annotator "TA"]
[PlyCount "115"]
[EventDate "2022.05.04"]
[EventType "tourn"]
[EventCountry "USA"]
[SourceTitle "playchess.com"]
[Source "ChessBase"]
[SourceQuality "1"]
[TimeControl "5400+30"]

1. d4 Nf6 2. c4 e6 3. Nc3 Bb4 4. e3 O-O 5. Bd2 d5 6. cxd5 exd5 7. Nf3 b6 8. Rc1 {[%emt 0:00:42] E51: Nimzo-Indian: Rubinstein: 4...0-0 5 Nf3 d5.} Bb7 9. Bd3 Re8 10. O-O a6 11. Ne5 Bd6 12. f4 c5 13. Be1 {[%emt 0:04:39] Threatens to win with Bh4.} Nc6 (13... Nbd7 $14) 14. Bh4 $16 {[%emt 0:01:54] White is more active.} cxd4 {[%emt 0:10:58] [#]} 15. Nxc6 $146 ({Better is} 15. exd4 $16 {Hoping for Bxf6.} Nxd4 16. Bxh7+ $1 Kxh7 17. Nxf7) ({Predecessor:} 15. Bxf6 Qxf6 16. Nxd5 Qe6 17. Nxb6 Nxe5 18. fxe5 Qxe5 19. Rf4 Qxe3+ 20. Rf2 Bxh2+ 21. Kxh2 Qxf2 {0-1 (51) Goltseva,E (2304)-Svane,F (2486) Chess.com INT 2021}) 15... Bxc6 $11 16. exd4 Be7 17. Re1 Ne4 18. Bxe7 Rxe7 19. Bxe4 dxe4 20. d5 Bb7 21. Qd4 (21. Nxe4 Bxd5 22. Nc3 (22. Nf6+ $2 gxf6 23. Rxe7 Qxe7 $19) 22... Rxe1+ 23. Qxe1 Bc6 $11) 21... Rd7 22. Rcd1 $1 ({But not} 22. Qxe4 Bxd5 23. Nxd5 Rxd5 $11) ({Don't play} 22. Nxe4 Rxd5 23. Qf2 Rd4 $15) ({Much weaker is} 22. Rxe4 Bxd5 23. Nxd5 Rxd5 $11) 22... f5 23. d6 Qf6 24. Qxf6 (24. Qxb6 $16 {White wants to play Na4.} Rad8 25. Rd2) 24... gxf6 25. Na4 Rad8 26. Nxb6 Rxd6 27. Rxd6 Rxd6 {[%emt 0:00:04][%mdl 4096] Endgame KRB-KRN} 28. Nc4 Rd4 29. b3 Kf7 30. Kf2 Ke6 31. Ke2 Bd5 32. Ne3 Bc6 $1 33. Rd1 Bb5+ {[%emt 0:00:00] [#]} 34. Ke1 $1 Bd3 35. Rc1 Bb5 {[%emt 0:00:00] Inhibits Rc6+.} 36. Rc3 Bd7 37. Nc2 Rd6 38. Rc4 (38. Rh3 $16) 38... Bb5 $2 (38... a5 $11) 39. Rd4 (39. Nd4+ $18 Kd7 40. Nxf5 Bxc4 41. Nxd6 Bxb3 42. Nxe4 Bxa2 43. Nxf6+ Ke6 44. Nxh7) 39... Rc6 40. Kd2 Rc8 41. Ne3 Bd3 42. a3 ({White should try} 42. Rd5 $16) 42... h5 43. Rd5 Rg8 44. Rc5 Bb5 {[%emt 0:00:35] [#]} 45. a4 $1 Bd7 46. Kc3 (46. h4 $16) 46... h4 47. Rxf5 {[%emt 0:06:44] aiming for Rc5.} (47. Kd2 {seems wilder.} Rd8 48. Nxf5 Bxa4+ 49. Ke3) 47... Rxg2 {[%emt 0:00:26] [#]} 48. Rxf6+ $1 Kxf6 49. Nxg2 {[%emt 0:00:10] KB-KN} Kf5 50. Nxh4+ Kxf4 51. Kd4 Be8 $2 {[%emt 0:00:00][%mdl 8192] Against Ng6+} (51... a5 $11) 52. Ng2+ $18 Kf3 53. Ne3 a5 54. Nc4 {[%emt 0:00:50] Black must now prevent Nd2+.} Kf4 55. Ne3 $2 (55. Kc3 $18) 55... Bf7 {[%emt 0:00:00] The position is equal.} 56. Ng2+ Kf3 57. Ne1+ Kf4 58. Ng2+ {[%emt 0:01:29] Weighted Error Value: White=0.24 (precise) /Black=0.17 (very precise)} 1/2-1/2

[Event "Charlotte IM-D May 2022"]
[Site "Charlotte"]
[Date "2022.05.06"]
[Round "4.1"]
[White "Rosenberg, Evan S"]
[Black "Nakada, Akira"]
[Result "0-1"]
[ECO "E49"]
[WhiteElo "2035"]
[BlackElo "2324"]
[Annotator "TA"]
[PlyCount "60"]
[EventDate "2022.05.04"]
[EventType "tourn"]
[EventCountry "USA"]
[SourceTitle "playchess.com"]
[Source "ChessBase"]
[SourceQuality "1"]
[TimeControl "5400+30"]

1. d4 Nf6 2. c4 e6 3. Nc3 Bb4 4. e3 O-O 5. a3 Bxc3+ 6. bxc3 d5 7. cxd5 exd5 8. Bd3 c5 9. Ne2 b6 10. O-O Ba6 11. Bc2 {[%emt 0:00:30] E49: Nimzo-Indian: Rubinstein: 5 Bd3 d5 6 a3 Bxc3+ 7 bxc3.} Nc6 12. Re1 Re8 {[%emt 0:00:00] [#]} 13. Ng3 $146 {[%emt 0:00:00] The position is equal.} ({Predecessor:} 13. f3 Rc8 14. g4 Qc7 15. Bf5 Rcd8 16. Nf4 h6 17. Ra2 Re7 18. h4 cxd4 19. cxd4 Rde8 20. e4 dxe4 21. g5 exf3 22. Rxe7 Nxe7 23. Rc2 {0-1 (23) Kayonde,A (2394)-Grover,S (2490) Pretoria 2018}) 13... Ne4 14. Nxe4 (14. Qg4 {looks sharper.} g6 15. Nxe4 f5 16. Nf6+) 14... dxe4 15. d5 (15. f3 $11) 15... Na5 $1 $19 16. f3 {[%emt 0:00:00] [#]} f5 17. fxe4 fxe4 18. d6 Bc4 19. Qg4 {[%emt 0:00:00] [#]} Bd3 (19... Qxd6 20. Bxe4 Rad8 21. Bf5 $17) 20. Bxd3 (20. Ba4 $142) 20... exd3 21. c4 {[%emt 0:00:00] And now Bb2 would win.} ({But not} 21. d7 Re7 22. Qf3 Rxd7 $19) 21... Qxd6 (21... Qf6 22. Bd2 $17) 22. Bb2 $2 (22. Bd2) 22... Qg6 {[%emt 0:00:00] Active counter play!} 23. Qf4 Re4 24. Qc7 Nxc4 25. Bd4 Qf7 26. Qc6 Rae8 ({And not} 26... cxd4 27. Qxe4 Rf8 28. Qxd4 $11 (28. Rf1 Qxf1+ 29. Rxf1 Rxf1+ 30. Kxf1 Nd2+ 31. Ke1 Nxe4 32. exd4 Kf7 33. h4 Ke6 34. h5 Kd5 35. Kd1 Kxd4 36. h6 gxh6 37. Kc1 Ke3 38. a4 d2+ 39. Kc2 Ke2 40. Kb2 d1=Q 41. a5 Nd2 42. Kc3 Qc1+ 43. Kb4 Qc5+ 44. Ka4 Qxa5#)) 27. Bc3 Nxe3 {[%emt 0:00:00] ...Qc4 is the strong threat.} 28. Bd2 Qd5 29. Qb5 c4 30. Qa6 {[%emt 0:00:00] [#]} Rg4 $1 {[%emt 0:00:00] White got outplayed after the opening.  Weighted Error Value: White=1.25/Black=0.26 (precise)} 0-1

[Event "Charlotte IM-D May 2022"]
[Site "Charlotte"]
[Date "2022.05.06"]
[Round "4.2"]
[White "Woodward, Andy"]
[Black "Matros, Alexander"]
[Result "1-0"]
[ECO "E04"]
[WhiteElo "2354"]
[BlackElo "2339"]
[Annotator "TA"]
[PlyCount "129"]
[EventDate "2022.05.04"]
[EventType "tourn"]
[EventCountry "USA"]
[SourceTitle "playchess.com"]
[Source "ChessBase"]
[SourceQuality "1"]
[TimeControl "5400+30"]

1. d4 {[%emt 0:00:01] Marin,M} Nf6 2. c4 e6 3. g3 d5 4. Bg2 dxc4 5. Nf3 a6 6. Ne5 Bb4+ {[%emt 0:04:25] E04: Open Catalan: 5 Nf3.} 7. Bd2 Qxd4 8. Bxb4 Qxe5 {[%emt 0:00:23] The position is equal.} 9. Nd2 {[%emt 0:06:52] [#]} (9. Nc3 Nbd7 10. f4 Qe3 $17) (9. Na3 $11) 9... Qxb2 $146 ({Predecessor:} 9... Qb5 10. Ba3 Bd7 11. Qc2 Nc6 12. Rc1 O-O-O 13. Nxc4 Kb8 14. b3 Nd4 15. Qb2 Bc6 {0-1 (58) Kamsky,G (2762)-Wang,H (2737) Tashkent 2012 CBM 152 [Marin,M]}) 10. Rb1 Qd4 (10... Qxa2 11. Bc3 Qa3 12. Bb4 $11) 11. Rc1 Nd5 $1 12. Rxc4 Qb2 13. Bxd5 exd5 14. Bc3 Qb6 (14... Qxa2 $2 15. Ra4 Qxa4 16. Qxa4+ Nc6 17. Bxg7 $18) 15. Bxg7 dxc4 16. Bxh8 Qc6 {[%emt 0:00:51] Inhibits Ne4.} 17. f3 Be6 18. O-O Nd7 19. Qc2 O-O-O 20. Bd4 f5 21. Be3 Ne5 (21... b5 $19 22. Nb3 Qd5) 22. Rc1 (22. Qc3 $142 Qd5 23. Qa3) 22... Rd7 (22... Qd6 $17 23. Bf4 b5) 23. Qc3 $15 Qd5 24. Kf2 b5 25. a4 $1 Nc6 {[%emt 0:02:03][%cal Be5c6,Bc6b8,Bb8a6][%mdl 32] Threatening ...Qe5.} 26. axb5 axb5 27. Qa3 Nb8 {[%emt 0:07:36] Inhibits Qa6+.} 28. Nb1 Qd6 29. Bc5 (29. Qa5 $1 $11 {was the only way to keep the balance.}) 29... Qc6 $17 30. Be3 Na6 31. Qf8+ Rd8 32. Qf6 Rd7 ({Black should play} 32... b4 $17 {aiming for ...Re8.} 33. Nd2 c3) 33. Na3 Rd5 34. Nc2 {[%emt 0:04:54] Strongly threatening Nd4.} Bd7 35. Qh8+ Kb7 $1 ({Resist} 35... Be8 36. Ra1 f4 37. Bxf4 $16 (37. gxf4 Rd8 $16)) 36. Ra1 {[%emt 0:00:26][%cal Oc2b4] Hoping for Nb4!} Qd6 {[%emt 0:00:53][%mdl 8192] [#] Against Nb4} (36... Qg6 $11 {and Black is okay.}) 37. Nb4 $1 $18 Qe5 (37... Qxb4 {[#] is a self mate.} 38. Rxa6 $1 Bc8 39. Ra7+ Kc6 40. Qxc8) 38. Qxe5 {[%emt 0:00:07] The board is on fire.} Rxe5 39. Nxa6 Bc8 40. f4 Re7 41. Nb4 {[%emt 0:00:22] Intending Ra7+ and mate.} Rxe3 (41... Re6 $142 42. Ra5 Bd7) 42. Kxe3 c5 43. Nc2 Kb6 44. Rb1 Be6 45. Kd2 Kc6 46. Kc3 Bd5 {[%emt 0:00:17] [#]} 47. Nb4+ $1 cxb4+ 48. Kxb4 {[%emt 0:00:12][%mdl 4096] Endgame KR-KB} Be4 49. Ra1 h5 50. Ra8 Kd5 51. Rd8+ Kc6 52. Re8 Kd5 53. e3 Bd3 54. Re5+ Kd6 55. Rxb5 c3 56. Rc5 c2 57. Rc3 Be4 58. Kb3 Kd5 59. Rxc2 {[%emt 0:00:17] Threatens to win with Rc8.} Bxc2+ 60. Kxc2 {[%emt 0:00:02] KP-KP. White mates.} Ke4 61. Kd2 Kf3 62. Kd3 Kg2 63. e4 fxe4+ 64. Kxe4 Kxh2 65. Kf3 {[%emt 0:00:05] White used his chance.  Weighted Error Value: White=0.10 (very precise) /Black=0.30} 1-0

[Event "Charlotte IM-D May 2022"]
[Site "Charlotte"]
[Date "2022.05.06"]
[Round "4.3"]
[White "Marek, Matyas"]
[Black "Zaloznyy, Mike"]
[Result "1/2-1/2"]
[ECO "B12"]
[WhiteElo "2363"]
[BlackElo "2125"]
[Annotator "TA"]
[PlyCount "113"]
[EventDate "2022.05.04"]
[EventType "tourn"]
[EventCountry "USA"]
[SourceTitle "playchess.com"]
[Source "ChessBase"]
[SourceQuality "1"]
[TimeControl "5400+30"]

1. e4 c6 2. d4 d5 3. e5 c5 4. dxc5 e6 5. a3 Bxc5 6. b4 {[%emt 0:00:07] B12: Caro-Kann: Advance Variation.} Be7 7. Nf3 f6 8. Bb2 {[%emt 0:01:08] White has an edge.} a5 9. b5 Nd7 10. c4 Nxe5 11. Nxe5 ({Of course not} 11. Bxe5 fxe5 12. Nxe5 Bd6 $15) 11... fxe5 12. cxd5 ({Reject} 12. Qh5+ g6 13. Qe2 (13. Qxe5 Bf6 $15) 13... Bf6 $15) 12... Nf6 13. Bxe5 {[%emt 0:03:19] [#] And now d6 would win.} Qxd5 $146 ({Predecessor:} 13... exd5 14. Be2 Bd6 15. Qd4 O-O 16. Bxd6 Qxd6 17. Nc3 Be6 18. O-O Rac8 19. Rfd1 Kh8 {0-1 (44) Lettieri,G (2436)-Valsecchi,A (2519) Premium Chess Arena INT 2020}) 14. Qxd5 exd5 15. Bd3 O-O 16. O-O Bc5 (16... Nd7 $15 17. Bc3 Nc5) 17. Nc3 $11 Ng4 18. Bg3 Bf5 19. Be2 Nf6 20. Na4 Be7 21. Nb6 Rae8 22. Bf3 Bd3 (22... Be4 $11) 23. Rfd1 ({Better is} 23. Rfc1 $1 $14) 23... Bxb5 (23... Bc2 $11) 24. Nxd5 $14 {[%emt 0:00:10] White is more active.} Nxd5 25. Bxd5+ Kh8 26. Bxb7 Rd8 27. Re1 Bc5 28. a4 Be8 29. Ba6 Rd4 30. Re5 Bb4 31. Bb5 Bxb5 32. axb5 Bd6 33. Re2 {[%emt 0:02:31] aiming for Bxd6.} Bxg3 34. hxg3 {[%emt 0:00:02][%mdl 4096] Endgame KRR-KRR} a4 35. Rb2 h6 36. b6 Rb8 37. b7 Rd7 38. Rxa4 {[%emt 0:00:11] Strongly threatening Ra8.} Rbxb7 39. Rxb7 Rxb7 {[%emt 0:00:06] KR-KR} 40. g4 Kh7 41. f4 Rc7 42. Kf2 Rc2+ 43. Kg3 $1 Rc3+ 44. Kh4 Rc2 45. Kh3 $1 Rc3+ 46. g3 Rc2 47. Ra5 Rc1 48. g5 hxg5 49. Rxg5 Rc7 50. Ra5 Rc6 51. g4 Rf6 52. Kg3 Rf7 53. Ra6 g6 $1 {[%emt 0:01:03] The position is equal.} 54. Ra4 Kg7 55. Kh4 Kh6 56. Rb4 Rxf4 {[%emt 0:00:00][%mdl 64] [#] Remove Defender} 57. Rxf4 {[%emt 0:00:00] Weighted Error Value: White=0.09 (flawless) /Black=0.09 (flawless)} 1/2-1/2

[Event "Charlotte IM-D May 2022"]
[Site "Charlotte"]
[Date "2022.05.06"]
[Round "4.4"]
[White "Rodriguez Rivera, Pedro"]
[Black "Kanli, Alperen"]
[Result "1/2-1/2"]
[ECO "D05"]
[WhiteElo "2197"]
[BlackElo "2173"]
[Annotator "TA"]
[PlyCount "59"]
[EventDate "2022.05.04"]
[EventType "tourn"]
[EventCountry "USA"]
[SourceTitle "playchess.com"]
[Source "ChessBase"]
[SourceQuality "1"]
[TimeControl "5400+30"]

1. d4 d5 2. Nf3 Nf6 3. e3 c5 4. c3 Nc6 5. Bd3 g6 6. Nbd2 {[%emt 0:01:06] D05: Colle System with ...e6.} Bg7 7. O-O Nd7 8. Bc2 {[%emt 0:07:43] The position is equal.} O-O 9. dxc5 Nxc5 10. e4 Bg4 11. h3 {[%emt 0:00:00] [#]} (11. exd5 $1 $11 Qxd5 12. Nb3 Bxf3 13. Qxf3 Qxf3 14. gxf3) 11... Bxf3 $146 ({Predecessor:} 11... dxe4 12. hxg4 exf3 13. Nxf3 Qc8 14. Be3 Rd8 15. Qe2 Nd7 16. Rfd1 Nde5 17. Rxd8+ Qxd8 18. Rd1 Nxf3+ 19. Qxf3 Qc7 20. Bb3 {½-½ (20) Ophoff,R (2009)-Daeubler,H (2190) Magdeburg 2015}) 12. Qxf3 d4 13. Nb3 Nxb3 14. Bxb3 dxc3 15. bxc3 Ne5 16. Qe3 Qc7 17. Ba3 Rfc8 18. Rab1 b6 19. Bd5 Rab8 20. Rfc1 e6 21. Bb3 Nc4 22. Bxc4 Qxc4 23. Bd6 Rb7 24. Rb3 (24. Rc2 $15) 24... Rd7 $17 25. e5 Bf8 26. Rd1 Bxd6 27. exd6 Rcd8 28. Ra3 Rxd6 (28... Qb5 $17) 29. Rxd6 $11 Rxd6 30. Rxa7 {Weighted Error Value: White=0.23 (precise) /Black=0.19 (very precise)} 1/2-1/2

[Event "Charlotte IM-D May 2022"]
[Site "Charlotte"]
[Date "2022.05.06"]
[Round "4.5"]
[White "Wang, Eigen"]
[Black "Chen, Ryo"]
[Result "1-0"]
[ECO "E60"]
[WhiteElo "2269"]
[BlackElo "2265"]
[Annotator "TA"]
[PlyCount "120"]
[EventDate "2022.05.04"]
[EventType "tourn"]
[EventCountry "USA"]
[SourceTitle "playchess.com"]
[Source "ChessBase"]
[SourceQuality "1"]
[TimeControl "5400+30"]

1. d4 Nf6 2. c4 g6 3. Nf3 Bg7 4. e3 O-O 5. Be2 c5 6. d5 {[%emt 0:00:07] E60: King's Indian: Unusual lines and Fianchetto Variation without Nc3.} e6 7. Nc3 exd5 8. cxd5 {[%emt 0:00:06] The position is equal.} d6 9. O-O Re8 10. Nd2 Na6 11. Nc4 Nc7 12. a4 {[%emt 0:02:27] Prevents b5.} b6 13. f3 Ba6 14. e4 Bxc4 15. Bxc4 a6 16. Bg5 Qc8 17. Qd2 Rb8 {[%emt 0:00:00] [#]} 18. Qf4 $146 ({Predecessor:} 18. Be2 b5 19. Nd1 Nd7 20. Bf4 Ne5 21. Bh6 Bh8 22. f4 Ng4 23. Bxg4 Qxg4 24. Nf2 {½-½ (54) Yu,Y (2761)-Sevian,S (2642) Astana 2019}) 18... Nd7 19. Be2 (19. Qxd6 $2 Be5 20. Qc6 Bd4+ 21. Kh1 Ne5 22. Bxa6 Nxa6 $19) (19. Qg3 $15) 19... f6 $1 $17 20. Bh4 g5 21. Qxd6 gxh4 22. Qf4 {[%emt 0:00:12] [#]} Ne5 (22... b5 $1 $17 23. axb5 Nxb5 24. Bxb5 axb5 25. Qxh4 c4) 23. Qxh4 $15 Ng6 24. Qg3 f5 {[%emt 0:00:00] White must now prevent ...f4.} 25. exf5 {[%emt 0:09:42] [#]} (25. f4 $1 $11) 25... Qxf5 $1 $17 {[%emt 0:00:00] Strongly threatening ...Be5.} 26. Qxc7 Rbc8 27. Qxb6 {[%emt 0:05:20] And now Ne4 would win.} Bxc3 {[%emt 0:00:00][%mdl 64] Remove Defender} 28. bxc3 Rxe2 29. Rae1 ({Avoid the trap} 29. Qxa6 $2 Nf4 30. Qh6 Rxg2+ 31. Kh1 Rg6 $19) 29... Nf4 30. Rxe2 Nxe2+ 31. Kh1 {[%emt 0:00:43] [#]} Qxd5 (31... Qg6 $1 $17 32. Qb7 (32. Qxg6+ hxg6 33. c4 Rb8 $17) 32... Re8) 32. Qxa6 $15 Re8 33. Qb5 Kf7 34. Qb1 Kg8 35. Qb5 $1 Qe5 (35... Qh5 $5 36. Rb1 Qe5 37. Qc4+ Kh8 $17) 36. a5 Nxc3 37. Qc4+ Kh8 ({Better is} 37... Kg7 $17 {Threatens to win with ...Qd4.} 38. Qh4 Qd4 39. Qg3+ Kh8) 38. a6 Qd4 (38... Re7 $15) 39. Qf7 $14 {[%emt 0:00:13][%mdl 1024] White has compensation.} (39. Qxd4+ cxd4 40. g3 d3 $19) 39... Qe3 (39... Ra8 $11 {remains equal.}) 40. a7 $16 Ne2 $2 {[%emt 0:02:22][%mdl 8192] This move loses the game for Black.} (40... Nb5 $16) 41. Qf6+ $18 Kg8 42. Qc6 Kg7 43. f4 Nd4 $2 (43... Nxf4 44. a8=Q Rxa8) 44. Qb7+ {[%emt 0:04:56][%mdl 64] Skewer} Kf6 45. a8=Q Rxa8 46. Qxa8 {[%emt 0:00:29][%mdl 4096] Endgame Qf8+ would kill now. KQR-KQN} Ne2 47. Qc6+ Kg7 48. Qf3 (48. Rb1 $142 Qe7 49. Rb7 Qf7 50. Qd5 Qxb7 51. Qxb7+ Kg6 52. Qe4+ Kf7 53. Qxe2) 48... Qxf3 49. Rxf3 {[%emt 0:00:07] KR-KN} c4 50. Re3 Nxf4 51. Re4 Nd3 52. Rxc4 Ne5 53. Rc5 Ng6 54. g3 {[%emt 0:00:12] White mates.} h6 55. Kg2 Ne7 56. Kf3 Kf6 57. Kg4 Kg6 58. Ra5 Ng8 59. Ra6+ Nf6+ 60. Kf4 Kh5 {[%emt 0:00:00] Weighted Error Value: White=0.20 (precise) /Black=0.70} 1-0

[Event "Charlotte IM-D May 2022"]
[Site "Charlotte"]
[Date "2022.05.07"]
[Round "5.1"]
[White "Chen, Ryo"]
[Black "Rosenberg, Evan S"]
[Result "1-0"]
[ECO "C60"]
[WhiteElo "2265"]
[BlackElo "2035"]
[Annotator "TA"]
[PlyCount "101"]
[EventDate "2022.05.04"]
[EventType "tourn"]
[EventCountry "USA"]
[SourceTitle "playchess.com"]
[Source "ChessBase"]
[SourceQuality "1"]
[TimeControl "5400+30"]

1. e4 e5 2. Nf3 Nc6 3. Bb5 Bb4 4. O-O Nge7 5. c3 Ba5 6. d4 exd4 7. cxd4 d5 8. e5 Bg4 {[%emt 0:00:07] C60: Ruy Lopez: Unusual Black 3rd moves and 3...g6.} 9. h3 (9. Bg5 {looks sharper.} O-O 10. Bxc6 bxc6 11. Qa4) 9... Bxf3 10. Qxf3 O-O {[%emt 0:00:06] The position is equal.} 11. Be3 f6 12. exf6 Rxf6 13. Qg4 Qd6 14. Nc3 {[%emt 0:00:00] [#]} Nb4 $146 (14... Rg6 $11 15. Qd1 Bb6) ({Predecessor:} 14... Raf8 15. Bd3 Nf5 16. Bg5 R6f7 17. Ne2 h6 18. Bf4 Qe6 19. Bxf5 Rxf5 20. Be3 Qd6 {1-0 (47) Ahmadzada,A (2025)-Arnaudov,P (2462) Varna 2015}) 15. Bg5 $1 $16 Rf7 16. a3 (16. Bd7 $1 $16 ) 16... Nc2 (16... Nbc6 $1 $11 {keeps the balance.}) 17. Rac1 Bxc3 18. Rxc2 (18. bxc3 Nxa3 19. Bd7 h5) 18... Ba5 19. Bd7 {[%emt 0:00:00] This bishop pair is nice.} Qg6 {[#]} 20. Re2 (20. Be6 $1 $16 {Strongly threatening Rc5.} Qxc2 21. Bxe7) 20... h5 $14 21. Qh4 Nf5 22. Bxf5 Rxf5 23. f4 (23. Bd8 $14) 23... Bb6 (23... Re8 $5 24. Qf2 Re4 $15) 24. g4 Bxd4+ 25. Kg2 Rff8 26. f5 Qa6 27. Rfe1 Qb6 (27... hxg4 $11 {remains equal.} 28. hxg4 Bf6) 28. Qxh5 $16 {[%emt 0:00:00] Be7 is the strong threat.} c5 $2 (28... Rf7 $16 {was worth a try.} 29. Bh4 Qh6) 29. Be7 Rf7 30. Qg6 $2 (30. Re6 $18 {and the rest is easy.} Qxb2+ 31. R1e2) 30... Re8 31. Bd6 {[%emt 0:02:06] White is more active.} Re4 {[%emt 0:03:23] [#] White must now prevent ...Qb5.} 32. b4 $40 {[%emt 0:03:50][%mdl 128] Black needs to defend precisely.} ({And not} 32. Rxe4 dxe4 33. b4 Bf6 $17) (32. g5 $1 $16) 32... Rf6 $2 (32... Bf6 $1 $11 {and Black stays safe.} 33. Bxc5 Qd8) 33. Rxe4 $18 {[%emt 0:01:40] Really sharp!} dxe4 34. Qe8+ Kh7 35. Be7 Qc6 36. Qxc6 Rxc6 37. Bxc5 Bxc5 38. bxc5 Rxc5 39. Rxe4 {[%emt 0:00:12][%mdl 4096] Endgame And now Re7 would win. KR-KR} Rc2+ (39... Kg8 $142 40. Re7 Rc2+ 41. Kg3 Rb2) 40. Kf3 b5 (40... Kg8 $142 41. h4 Rc3+ 42. Re3 Rc7) 41. Kf4 a5 (41... Kg8 $142 42. a4 Rc5 43. axb5 Rxb5) 42. Re5 Rb2 43. a4 bxa4 44. Rxa5 Ra2 45. Kg5 (45. g5 $142 g6 46. Ra7+ Kg8 47. fxg6) 45... a3 46. Ra7 {[%emt 0:00:00] Threatening mate with f6.} Ra1 47. f6 a2 48. Rxg7+ Kh8 49. Ra7 {[%emt 0:00:00] White mates.} Rh1 50. Rxa2 Rxh3 51. Kg6 {[%emt 0:00:00] Weighted Error Value: White=0.36/Black=0.70} 1-0